 Dungeon Crawl Stone Soup version 0.18.1-5-g4a78601 (webtiles) character file.

24180 dorian the Martial Artist (level 12, -10/106 HPs)
             Began as a Black Draconian Transmuter on May 9, 2016.
             Was a High Priest of Cheibriados.
             Mangled by an orc knight
             ... wielding a +0 glaive
              (15 damage)
             ... on level 13 of the Dungeon.
             The game lasted 00:44:35 (12175 turns).

dorian the Martial Artist (DrTm)                   Turns: 12175, Time: 00:44:36

Health: -10/106    AC: 10    Str: 26    XL:     12   Next: 78%
Magic:  0/19       EV: 23    Int: 29    God:    Cheibriados [*****.]
Gold:   1412       SH:  0    Dex: 32    Spells: 4 memorised, 9 levels left

rFire  . . .     SeeInvis .       - Unarmed
rCold  . . .     Gourm    .     (armour unavailable)
rNeg   + . .     Faith    .     (shield currently unavailable)
rPois  .         Spirit   .     (helmet restricted)
rElec  +         Dismiss  .     (no cloak)
rCorr  .         Reflect  .     (gloves currently unavailable)
SustAt .         Harm     .     q - +1 pair of boots
MR     .....                    e - amulet of regeneration
Stlth  ++........               (no ring)
                                f - ring of positive energy

@: blade hands, very slow, not resistant to hostile enchantments, unstealthy
A: breathe lightning, unfitting armour, agile 2, blink, dopey 1, electricity
resistance, cold-blooded, subdued magic 1, MP-powered wands, AC +8
a: Breathe Lightning, End Transformation, Blink, Bend Time, Temporal Distortion,
Slouch, Step From Time, Renounce Religion


You were on level 13 of the Dungeon.
You worshipped Cheibriados.
Cheibriados was extremely pleased with you.
You were not hungry.
You had blades for hands.
You visited 3 branches of the dungeon, and saw 15 of its levels.
You also visited: Bailey.

You collected 1434 gold pieces.
You spent 22 gold pieces at shops.

Inventory:

Missiles
 a - 426 arrows
Armour
 q - a +1 pair of boots (worn)
 I - a +2 pair of gloves (melded)
 N - a +0 shield
Jewellery
 e - an amulet of regeneration (around neck)
 f - a ring of positive energy (left scythe-like blade)
 t - a +4 amulet of reflection
 V - an uncursed ring of ice
Wands
 u - a wand of disintegration (4/24)
 A - a wand of confusion (31/48)
 K - a wand of paralysis (12/24)
Scrolls
 g - 4 scrolls of magic mapping
 p - a scroll of identify
 s - 3 scrolls of teleportation
 z - 4 scrolls of remove curse
 B - 2 scrolls of amnesia
 F - 3 scrolls of enchant armour
 G - 2 scrolls of fear
 H - 3 scrolls of recharging
 L - 2 scrolls of fog
Potions
 j - 3 potions of mutation
 l - 4 potions of ambrosia
 m - 4 potions of might
 o - a potion of agility
 r - 2 potions of flight
 v - a potion of cancellation
 x - a potion of invisibility
 E - a potion of heal wounds
 Q - a potion of cure mutation {unknown}
 S - 2 potions of lignification
 U - a potion of magic {unknown}
Miscellaneous
 C - a box of beasts
Comestibles
 b - 11 chunks of flesh
 c - 9 bread rations
 h - 11 meat rations
 n - 4 fruits
 J - 3 beef jerkies
 T - a slice of pizza


   Skills:
 + Level 9.7 Fighting
 + Level 8.4 Dodging
 + Level 11.7 Unarmed Combat
 - Level 5.0 Spellcasting
 - Level 9.6 Transmutations
 - Level 9.8 Invocations


You had 9 spell levels left.
You knew the following spells:

 Your Spells              Type           Power        Failure   Level  Hunger
a - Beastly Appendage     Trmt           #####.       6%          1    None
b - Sticks to Snakes      Trmt           #####...     8%          2    None
c - Blade Hands           Trmt           #####.....   28%         5    #####..
d - Ice Form              Ice/Trmt       ####....     41%         4    ###....


Dungeon Overview and Level Annotations

Branches:
Dungeon (13/15)            Temple (1/1) D:5            Lair (0/8) D:11
    Orc (1/2) D:9
 Vaults: D:13-14

Altars:
Cheibriados
Dithmenos
Elyvilon
Fedhas
Makhleb
Okawaru
Pakellas
Ru
Sif Muna
Trog
Xom
Yredelemnul
Zin
The Shining One

Shops:
D:8 **   D:12 =

Annotations:
D:5 1 runed door


Innate Abilities, Weirdness & Mutations

You can breathe wild blasts of lightning.
Your glossy black scales are hard (AC +8).
Your body does not fit into most forms of armour.
You are resistant to electric shocks.
You are cold-blooded and may be slowed by cold attacks.
You are very agile. (Dex +4)
You can translocate small distances at will.
You are dopey. (Int -2)
Your spells are a little easier to cast, but a little less powerful.
You expend magic power (3 MP) to strengthen your wands.


Message History

The orc knight hits you with a glaive!!
* * * LOW HITPOINT WARNING * * *
You don't have enough magic at the moment.
Drink which item? (? for menu, Esc to quit)
You feel much better.
The yaktaur shoots a bolt.
The bolt hits you!
* * * LOW HITPOINT WARNING * * *
Drink which item? (? for menu, Esc to quit)
You feel much better. The orc knight completely misses you.
The yaktaur shoots a bolt.
The bolt completely misses you.
The yaktaur shoots a bolt.
The bolt hits you!!
* * * LOW HITPOINT WARNING * * *
You can feel time thicken for a moment.
You kill the yaktaur!
Cheibriados thoroughly appreciates the change of pace.
You kill the yaktaur!
Cheibriados thoroughly appreciates the change of pace.
You feel somewhat more hungry.
Cheibriados lowers the support of your attributes as your movement quickens.
The orc knight hits you with a glaive!
You die...

#..# #.##..## #.#..#. #.
##..# #.#..#)##. ## #...
........) #.......
#####.#..#.#####......#
.....o......)......###
.......... .....# #
###o#).#.#####..# .#
#..(@).....# #..## #
.#..##.#..#.##. ##..#### .#
#.#..# #.#..... #########.#
.##))# #....... ..........#
.. #))# #....... ..........#
#####))### ##..##...
.........# ##...((...#
##..####..
........####..)......###..##
###
.....###.#..............###
#


You could see an orc knight.

Vanquished Creatures
  Azrael (D:13)
  Fannar (D:11)
  2 hydras
  An ogre mage (D:13)
  2 unseen horrors
  A hill giant (D:10)
  2 ugly things
  A deep elf mage (D:13)
  A cyclops (D:11)
  A manticore (D:13)
  A gargoyle (D:12)
  5 yaktaurs (D:13)
  A kobold demonologist (D:13)
  A komodo dragon (D:13)
  2 trolls
  A merfolk (D:9)
  The ghost of nublet the Tormented, an amateur CeNe of Kikubaaqudgha (D:4)
  A two-headed ogre (shapeshifter) (D:9)
  Prince Ribbit (D:7)
  2 two-headed ogres (D:13)
  5 slime creatures (D:13)
  11 yaks
  A wraith (D:13)
  3 vampire mosquitoes (D:12)
  6 hippogriffs
  A hungry ghost (D:8)
  2 fire elementals (D:13)
  Edmund (D:4)
  3 hell hounds (D:13)
  2 sky beasts
  2 black bears (D:12)
  4 ice beasts
  13 orc warriors
  A necrophage (D:11)
  3 phantoms
  9 ogres
  14 centaurs
  A crocodile (D:10)
  7 big kobolds
  5 giant frogs
  2 gnoll sergeants (D:9)
  4 scorpions
  11 killer bees
  7 wights
  A howler monkey (D:7)
  6 crimson imps
  A centaur zombie (D:10)
  3 giant frog zombies
  6 hounds
  8 orc priests
  3 quasits
  2 centaur skeletons
  A giant frog skeleton (D:5)
  Natasha (D:2)
  6 iguanas
  11 orc wizards
  14 worker ants
  3 killer bee zombies
  3 hound skeletons
  3 worker ant zombies
  Robin (D:3)
  13 gnolls
  12 adders
  2 shadow imps
  5 oozes
  3 worms
  2 dart slugs
  9 giant geckos
  61 orcs
  10 giant cockroaches
  20 goblins
  5 hobgoblins
  20 jackals
  33 kobolds
  8 quokkas
  2 ball pythons
  8 bats
  5 giant newts
  A jackal zombie (D:6)
  A quokka zombie (D:5)
  9 rats
449 creatures vanquished.

Vanquished Creatures (collateral kills)
  An ogre (D:5)
  A scorpion (D:4)
  An iguana (D:6)
  A worker ant (D:5)
  A giant cockroach (D:5)
5 creatures vanquished.

Vanquished Creatures (others)
  An orc warrior (D:7)
  A worker ant (D:7)
  An adder zombie (D:7)
  An orc (D:7)
  2 kobolds (D:7)
6 creatures vanquished.

Grand Total: 460 creatures vanquished

Notes
Turn   | Place    | Note
--------------------------------------------------------------
     0 | D:1      | dorian the Draconian Transmuter began the quest for the Orb.
     0 | D:1      | Reached XP level 1. HP: 16/16 MP: 3/3
     2 | D:1      | Found a runed door.
   126 | D:1      | Reached XP level 2. HP: 23/23 MP: 5/5
   486 | D:1      | Reached XP level 3. HP: 28/28 MP: 4/6
   531 | D:1      | Reached skill level 4 in Unarmed Combat
   630 | D:2      | Reached XP level 4. HP: 31/35 MP: 7/7
   837 | D:2      | Learned a level 2 spell: Sticks to Snakes
  1051 | D:2      | Found a shimmering altar of Xom.
  1163 | D:3      | Noticed Natasha
  1184 | D:2      | Killed Natasha
  1257 | D:1      | Gained mutation: You can translocate small distances at will. [potion of mutation]
  1257 | D:1      | Gained mutation: You are agile. (Dex +2) [potion of mutation]
  1257 | D:1      | Gained mutation: You expend magic power (3 MP) to strengthen your wands. [potion of mutation]
  1343 | D:3      | Reached XP level 5. HP: 38/40 MP: 6/8
  1508 | D:3      | Reached skill level 5 in Unarmed Combat
  1606 | D:3      | Found a bloodstained altar of Trog.
  1864 | D:3      | You fall through a shaft for 2 floors!
  1864 | D:5      | Entered Level 5 of the Dungeon
  2193 | D:4      | Noticed nublet's ghost (amateur CeNe)
  2232 | D:4      | Killed nublet's ghost
  2232 | D:4      | Reached skill level 6 in Unarmed Combat
  2232 | D:4      | Reached XP level 6. HP: 36/47 MP: 9/9
  2263 | D:4      | Noticed Robin
  2321 | D:3      | Killed Robin
  2397 | D:4      | Your scales start taking on a glossy black colour.
  2397 | D:4      | Reached XP level 7. HP: 52/52 MP: 6/10
  2397 | D:4      | Gained mutation: You are resistant to electric shocks. [Black Draconian growth]
  2521 | D:4      | Reached skill level 5 in Transmutations
  2617 | D:4      | Reached skill level 7 in Unarmed Combat
  2902 | D:4      | Got a smoking flail
  2903 | D:4      | Identified the cursed +1 flail "Apsulen" {pain, MR+++ Str+6 Dex-5} (You found it on level 4 of the Dungeon)
  3172 | D:4      | Noticed Edmund
  3202 | D:4      | Killed Edmund
  3291 | D:5      | Found an oddly glowing altar of Pakellas.
  3410 | D:5      | Found a deep blue altar of Sif Muna.
  3428 | D:5      | Reached skill level 8 in Unarmed Combat
  3574 | D:5      | Reached XP level 8. HP: 59/59 MP: 9/11
  3912 | D:5      | Found a runed door.
  3931 | D:5      | Found a runed door.
  4005 | D:5      | Found a staircase to the Ecumenical Temple.
  4029 | D:5      | Reached skill level 9 in Unarmed Combat
  4036 | Temple   | Entered the Ecumenical Temple
  4044 | Temple   | Became a worshipper of Cheibriados the Contemplative
  4642 | D:6      | Reached * piety under Cheibriados
  4929 | D:6      | Reached skill level 10 in Unarmed Combat
  5002 | D:6      | Reached XP level 9. HP: 40/64 MP: 12/12
  5023 | D:6      | Learned a level 5 spell: Blade Hands
  5166 | D:6      | Reached skill level 1 in Invocations
  5845 | D:7      | Found a blossoming altar of Fedhas.
  5936 | D:6      | Reached ** piety under Cheibriados
  6278 | D:7      | Noticed Prince Ribbit
  6301 | D:7      | Learned a level 4 spell: Ice Form
  6310 | D:7      | Killed Prince Ribbit
  6310 | D:7      | Reached skill level 5 in Invocations
  6376 | D:7      | Reached *** piety under Cheibriados
  6577 | D:8      | Found a flagged portal.
  6589 | Bailey   | Entered a bailey
  6858 | Bailey   | Reached **** piety under Cheibriados
  7013 | D:8      | Found a deep blue altar of Sif Muna.
  7035 | D:8      | Reached XP level 10. HP: 80/80 MP: 14/14
  7153 | D:8      | Found Hawny's General Store.
  7256 | D:8      | Bought a scroll of identify for 22 gold pieces
  7687 | D:8      | Found Peic's General Store.
  7806 | D:8      | Reached ***** piety under Cheibriados
  8152 | D:9      | Reached skill level 5 in Fighting
  8200 | D:9      | Found a white marble altar of Elyvilon.
  8375 | D:9      | Gained mutation: You are dopey. (Int -2) [mutagenic meat]
  8624 | D:9      | Found a staircase to the Orcish Mines.
  8781 | Orc:1    | Entered Level 1 of the Orcish Mines
  8909 | D:9      | Found a glowing golden altar of the Shining One.
  8977 | D:10     | Entered Level 10 of the Dungeon
  8983 | D:10     | Reached XP level 11. HP: 86/86 MP: 13/18
  9042 | D:10     | Noticed a hill giant
  9053 | D:10     | Killed a hill giant
  9321 | D:10     | Reached ****** piety under Cheibriados
  9762 | D:11     | Noticed a four-headed hydra
  9773 | D:11     | Killed a four-headed hydra
  9773 | D:11     | Reached skill level 5 in Dodging
 10268 | D:11     | Found a glowing golden altar of the Shining One.
 10326 | D:11     | Found a staircase to the Lair.
 10423 | D:11     | Noticed Fannar
 10435 | D:11     | Killed Fannar
 10713 | D:12     | Found Ezun's Jewellery Shoppe.
 10768 | D:12     | Noticed a white ugly thing
 10821 | D:12     | Killed a white ugly thing
 11005 | D:12     | Reached skill level 5 in Spellcasting
 11054 | D:11     | Gained mutation: Your spells are a little easier to cast, but a little less powerful. [mutagenic meat]
 11055 | D:11     | Gained mutation: You are very agile. (Dex +4) [mutagenic meat]
 11073 | D:12     | Killed an unseen horror
 11210 | D:12     | Reached XP level 12. HP: 100/100 MP: 19/19
 11934 | D:13     | Noticed Azrael
 11934 | D:13     | Reached skill level 11 in Unarmed Combat
 11946 | D:13     | Killed Azrael
 12050 | D:13     | Noticed an eight-headed hydra
 12055 | D:13     | Killed an eight-headed hydra
 12094 | D:13     | Noticed an ogre mage
 12100 | D:13     | Killed an ogre mage
 12172 | D:13     | HP: 2/106 [orc knight/glaive (18)]
 12175 | D:13     | Mangled by an orc knight

Skill      XL: |  1  2  3  4  5  6  7  8  9 10 11 12 |
---------------+-------------------------------------+-----
Unarmed Combat | 4 6 8 10 11 | 11.7
Transmutations | 3 4 5 7 8 9 |  9.6
Invocations    | 6 9 |  9.8
Fighting       | 4 5 7 9 |  9.7
Dodging        | 4 6 8 |  8.4
Spellcasting   | 5 |  5.0

Action                   |  1- 3 |  4- 6 |  7- 9 | 10-12 || total
-------------------------+-------+-------+-------+-------++-------
Melee: Short sword       |   138 |   295 |    47 |       ||   480
       Punch             |     4 |     5 |    21 |    40 ||    70
       Tailslap          |    11 |    29 |    77 |   102 ||   219
       Kick              |    10 |       |       |       ||    10
       Headbutt          |       |    36 |    53 |    13 ||   102
       Flail             |       |       |   270 |       ||   270
       Unarmed           |       |       |   181 |   489 ||   670
       Long sword        |       |       |    12 |       ||    12
 Cast: Beastly Appendage |     3 |    14 |    30 |     6 ||    53
       Sticks to Snakes  |       |     1 |    18 |       ||    19
       Blade Hands       |       |       |     4 |    32 ||    36
       Ice Form          |       |       |       |     5 ||     5
Invok: Slouch            |       |       |       |     5 ||     5
 Abil: Breathe Lightning |       |       |     5 |     1 ||     6
Evoke: Wand              |       |       |       |     1 ||     1
  Use: Scroll            |     1 |     3 |    13 |     8 ||    25
       Potion            |       |     5 |     2 |     3 ||    10
 Stab: Sleeping          |     1 |     2 |     2 |     3 ||     8
       Invisible         |       |     1 |       |       ||     1
       Distracted        |       |       |     3 |     2 ||     5
  Eat: Chunk             |       |     6 |    14 |    24 ||    44
       Beef jerky        |       |       |     2 |       ||     2
       Royal jelly       |       |       |       |     1 ||     1
Armor: Skin              |    31 |    74 |   209 |   152 ||   466
Dodge: Dodged            |    77 |   134 |   404 |   512 ||  1127
